 Dungeon Sprint DCSS version 0.21-a0-104-g7b58145 (webtiles) character file.

128 Kidiri the Sneak (level 4, -1/23 HPs)
             Began as a Spriggan Enchanter on July 6, 2017.
             Slain by a neqoxec (10 damage)
             ... in the Dungeon (Sprint II: "The Violet Keep of Menkaure").
             The game lasted 00:00:47 (28 turns).

Kidiri the Sneak (Spriggan Enchanter)                 Turns: 28, Time: 00:00:48

Health: -1/23      AC:  2    Str:  4      XL:     4   Next: 86%
Magic:  8/12       EV: 22    Int: 13 (16) God:
Gold:   0          SH:  0    Dex: 17      Spells: 13/14 levels left

rFire    . . .     SeeInvis +   a - +1 dagger
rCold    . . .     Gourm    .   (shield restricted)
rNeg     . . .     Faith    .   b - +0 robe
rPois    .         Spirit   .   (helmet restricted)
rElec    .         Reflect  .   (no cloak)
rCorr    .         Harm     .   (gloves unavailable)
MR       .....     NoTele   +   (boots unavailable)
Stlth    ++++......             (no amulet)
HPRegen  0.07/turn              (no ring)
MPRegen  0.13/turn              (no ring)

@: berserk cooldown, slowed, quick
A: unfitting armour, see invisible, herbivore 3, speed 3, slow metabolism 2,
subdued magic 2
a: no special abilities


You were in the Dungeon.
You were not hungry.

You visited 1 branch

Inventory:

Hand Weapons
 a - a +1 dagger (weapon)
Armour
 b - a +0 robe (worn)
Scrolls
 j - a scroll of blinking
Potions
 e - a potion of curing
 f - a potion of heal wounds
 g - a potion of haste
 h - 2 potions of magic
Books
 c - a book of Maledictions

   Spells                             Type                      Level
   a - Corona                         Hexes                        1
   b - Ensorcelled Hibernation        Hexes/Ice                    2
   c - Confuse                        Hexes                        3
   d - Tukima's Dance                 Hexes                        3
   e - Dazzling Spray                 Conjuration/Hexes            3
Comestibles
 d - a bread ration


   Skills:
 + Level 2.1 Fighting
 * Level 4.4 Short Blades
 + Level 1.9 Armour
 * Level 6.6 Dodging
 * Level 7.8 Stealth
 * Level 5.5 Spellcasting
 + Level 5.0 Hexes


You had 13 spell levels left.
You knew the following spells:

 Your Spells              Type           Power        Failure   Level  Hunger
a - Corona                Hex            ##.....      1%          1    None


Dungeon Overview and Level Annotations

Branches:
Dungeon (1/1)

Altars:


Innate Abilities, Weirdness & Mutations

You are very small and have problems with some larger weapons.
You are too small for most types of armour.
You have supernaturally acute eyesight. (SInv)
You are a herbivore.
You cover ground extremely quickly.
You need consume almost no food.
Your spells are easier to cast, but less powerful.


Message History

The neqoxec completely misses you.
You hit the neqoxec.
The neqoxec is moderately wounded.
The neqoxec hits you. The neqoxec completely misses you.
You hit the neqoxec.
The neqoxec is moderately wounded.
The neqoxec hits you.
You hit the neqoxec but do no damage.
The neqoxec is moderately wounded.
The neqoxec hits you.
You hit the neqoxec but do no damage.
The neqoxec is moderately wounded.
The neqoxec misses you.
You hit the neqoxec but do no damage.
The neqoxec is moderately wounded.
The neqoxec misses you.
You hit the neqoxec.
The neqoxec is heavily wounded.
The neqoxec hits you!
You die...

##
#3#
##3#
#@#
##.##
+.<.+
##.##
#+#


You could see 2 neqoxecs.

Vanquished Creatures
  A neqoxec (D)
1 creature vanquished.

Vanquished Creatures (others)
  A crocodile (D)
1 creature vanquished.

Grand Total: 2 creatures vanquished

Notes
Turn   | Place    | Note
-------+----------+-------------------------------------------
     0 | D        | Kidiri the Spriggan Enchanter began the quest for the Orb.
     0 | D        | Reached XP level 1. HP: 9/9 MP: 5/5
     1 | D        | Noticed a neqoxec
     2 | D        | Noticed a neqoxec
     5 | D        | Noticed a neqoxec
     9 | D        | Killed a crocodile
    10 | D        | Killed a neqoxec
    10 | D        | Reached skill level 1 in Armour
    10 | D        | Reached skill level 7 in Stealth
    10 | D        | Reached skill level 5 in Spellcasting
    10 | D        | Reached skill level 5 in Hexes
    10 | D        | Reached XP level 2. HP: 15/15 MP: 5/9
    10 | D        | Reached XP level 3. HP: 18/18 MP: 6/11
    10 | D        | Reached XP level 4. HP: 23/23 MP: 6/12
    17 | D        | Gained mutation: Your spells are a little easier to cast, but a little less powerful. [a neqoxec]
    21 | D        | Gained mutation: Your spells are easier to cast, but less powerful. [a neqoxec]
    28 | D        | Slain by a neqoxec

Vault maps used:
D:        the_violet_keep_of_menkaure

Skill      XL: |  1 |
---------------+----+-----
Fighting       | 2 |  2.1
Short Blades   | 4 |  4.4
Armour         | 1 |  1.9
Dodging        | 6 |  6.6
Stealth        | 7 |  7.8
Spellcasting   | 5 |  5.5
Hexes          | 5 |  5.0

Action                   |  1- 3 |  4- 6 || total
-------------------------+-------+-------++-------
Melee: Dagger            |     8 |    17 ||    25
  Use: Potion            |     1 |       ||     1
Dodge: Dodged            |    11 |     9 ||    20
